 Dungeon Crawl Stone Soup version 0.30-a0-297-g0ec75d9ef4 (webtiles) character file.

Game seed: 4365712834513939328

784 KennySheep the Ruffian (level 7, -6/72 HPs)
             Began as an Ogre Transmuter on Oct 18, 2022.
             Was an Initiate of the Shining One.
             Mangled by an orc warrior
             ... wielding a +0 flail
              (14 damage)
             ... on level 5 of the Dungeon on Oct 19, 2022.
             The game lasted 00:13:57 (4595 turns).

KennySheep the Ruffian (Ogre Transmuter)            Turns: 4595, Time: 00:13:58

Health: -6/72      AC:  2    Str: 15    XL:     7   Next: 86%
Magic:  12/12      EV: 19    Int: 16    God:    the Shining One [......]
Gold:   276        SH:  0    Dex: 14    Spells: 3/13 levels left

rFire   . . .      SeeInvis .      - Unarmed
rCold   . . .      Faith    .    (shield currently unavailable)
rNeg    . . .      Spirit   .    (body armour currently unavailable)
rPois   x          Reflect  .    (helmet currently unavailable)
rElec   .          Harm     .    (cloak currently unavailable)
rCorr   +          Rampage  .    (gloves unavailable)
Will    .....                    (boots unavailable)
Stlth   +.........               m - amulet of magic regeneration
HPRegen 0.32/turn                p - ring of resist corrosion
MPRegen 0.53/turn                (no ring)

@: spider-form, glowing
A: venomous fangs, tiny, unfitting armour, (tough skin 1)
a: End Transformation, Renounce Religion


You were on level 5 of the Dungeon.
You worshipped the Shining One.
The Shining One was noncommittal.
You were a venomous arachnid creature.
You visited 1 branch of the dungeon, and saw 5 of its levels.

You collected 276 gold pieces.

Inventory:

Armour
 a - a +0 robe (melded)
 f - a +0 hat of intelligence (melded)
Jewellery
 m - an amulet of magic regeneration (around neck)
 p - a ring of resist corrosion (left front leg)
 r - a ring of see invisible
Scrolls
 b - a scroll of butterflies {unknown}
 c - a scroll of magic mapping {unknown}
 d - a scroll of enchant armour
 h - a scroll of fear
 j - a scroll of torment
 n - a scroll of blinking
 s - a scroll of enchant weapon
Potions
 e - 3 potions of degeneration
 g - a potion of cancellation {unknown}
 k - a potion of ambrosia
 l - a potion of curing
 o - a potion of flight
 q - a potion of brilliance {unknown}


   Skills:
 + Level 5.0 Fighting
 - Level 1.8 Dodging
 * Level 5.4 Unarmed Combat
 - Level 3.7 Spellcasting
 + Level 3.7 Transmutations
 + Level 1.1 Ice Magic
 - Level 1.9 Poison Magic


You had 3 spell levels left.
You knew the following spells:

 Your Spells              Type           Power      Damage    Failure   Level
a - Beastly Appendage     Tmut           30%        N/A       12%         1
b - Wereblood             Tmut           15%        N/A       16%         2
c - Ice Form              Ice/Tmut       10%        N/A       75%         4
z - Spider Form           Tmut/Pois      12%        N/A       34%         3

Your spell library contained the following spells:

 Spells                   Type           Power      Damage    Failure   Level
 Scorch                   Fire           6%         2d5       47%         2
 Static Discharge         Conj/Air       6%         2-3/arc   47%         2
 Sublimation of Blood     Necr           3%         N/A       47%         2
 Flame Wave               Conj/Fire      3%         2d5       95%         4
 Summon Cactus Giant      Summ           1%         N/A       100%        6
 Spellforged Servitor     Conj/Summ      1%         N/A       100%        7
 Summon Hydra             Summ           1%         N/A       100%        7


Dungeon Overview and Level Annotations

Branches:
Dungeon (5/15)
 Temple: D:4-7

Altars:
Dithmenos
Gozag
The Shining One

Shops:
D:5 *

Annotations:
D:2 1 runed translucent door, Crazy Yiuf
D:5 Edmund, Sigmund


Innate Abilities, Weirdness & Mutations

You are a venomous arachnid creature.
You have poisonous fangs.
You are tiny and dextrous.
Your spellcasting is less reliable in this form.
Your armour is entirely melded.
You are incapable of wielding weapons or throwing items.
You are too large for most types of armour.
((You have tough skin. (AC +1)))


Message History

You feel sick.
The orc priest calls down the wrath of Beogh upon you.
Beogh smites you!
You hit the orc.
The orc is moderately wounded.
The orc closely misses you. Something misses you.
You hit the orc.
You kill the orc!
You feel sick.
The orc priest calls down the wrath of Beogh upon you.
You hear some strange, mumbled words.
Something tries to affect you, but you resist.
You feel sick. Something closely misses you.
Items here: (( )) [ †.
You barely miss something.
You feel sick.
You are no longer poisoned.
You bite something! Something closely misses you.
You hit the orc warrior.
The orc warrior is poisoned.
The orc warrior is lightly wounded.
Something closely misses you.
The orc warrior hits you with a +0 flail!
You hit the orc warrior but do no damage.
The orc warrior looks as sick as possible!
The orc warrior is lightly wounded.
The orc warrior barely misses you. Something hits you.
The orc warrior attacks as you move away!
The orc warrior hits you with a +0 flail.
You hit the orc warrior.
The orc warrior looks as sick as possible!
The orc warrior is moderately wounded.
The orc priest invokes the aid of Beogh against you.
Beogh smites you! The orc warrior barely misses you.
You barely miss the orc warrior.
The orc warrior is heavily wounded.
Something hits you!
The orc priest invokes the aid of Beogh against you.
Beogh smites you!
* * * LOW HITPOINT WARNING * * *
The orc warrior hits you with a +0 flail!
You die...

................≈≈≈≈≈≈≈..........
...........<.......###...........
................:....###.........
..........#........#..###.##...#.
.........###.....#.#...#......##.
.........###.....####.... ..#....
.........#.##....###..... ###..
>..#.............#....... ###
#.##............s#....... #
#.##....#.....#.o#.......
##########...##..{.......
#########....... o..#... ..... .
....... ....... .......


You could see an orc warrior (extremely poisoned) and an orc priest.

Vanquished Creatures
  Grinder (D:5)
  A water moccasin (D:5)
  An ogre (D:4)
  3 scorpions (D:4)
  3 iguanas
  An orc wizard (D:4)
  3 adders
  2 dart slugs
  6 orcs
  9 bats
  7 endoplasms
  2 giant cockroaches
  7 goblins
  8 hobgoblins
  4 jackals
  3 quokkas (D:1)
  10 ball pythons
  7 frilled lizards
  5 kobolds
  4 rats
87 creatures vanquished.

Vanquished Creatures (others)
  24 plants (D:3)
24 creatures vanquished.

Grand Total: 111 creatures vanquished

Notes
Turn   | Place    | Note
-------+----------+-------------------------------------------
     0 | D:1      | KennySheep the Ogre Transmuter began the quest for the Orb.
     0 | D:1      | Reached XP level 1. HP: 19/19 MP: 3/3
   102 | D:1      | Reached XP level 2. HP: 16/28 MP: 3/5
   429 | D:1      | Reached XP level 3. HP: 32/35 MP: 7/7
   432 | D:1      | Learned a level 2 spell: Wereblood
  1251 | D:2      | Found a runed translucent door.
  1252 | D:2      | Noticed Crazy Yiuf
  1441 | D:3      | Reached XP level 4. HP: 44/44 MP: 6/8
  1446 | D:3      | Learned a level 4 spell: Ice Form
  2324 | D:4      | Found a glowing golden altar of the Shining One.
  2366 | D:4      | Became a worshipper of the Shining One
  2402 | D:4      | Noticed a scorpion
  2413 | D:4      | Killed a scorpion
  2414 | D:4      | Reached XP level 5. HP: 53/53 MP: 9/9
  2864 | D:4      | Learned a level 3 spell: Spider Form
  2955 | D:4      | Reached XP level 6. HP: 22/61 MP: 6/11
  3306 | D:4      | Reached skill level 1 in Poison Magic
  3357 | D:4      | Identified the +1 pair of gloves of Absolutism {rN+}
  3527 | D:4      | Found a shadowy altar of Dithmenos.
  3792 | D:5      | Entered Level 5 of the Dungeon
  3792 | D:5      | Found an opulent altar of Gozag.
  3796 | D:5      | Found Gozag's Platinum Reserve.
  3797 | D:5      | Noticed a water moccasin
  3819 | D:4      | Reached XP level 7. HP: 39/70 MP: 12/12
  3833 | D:5      | Noticed Grinder
  3923 | D:5      | Paralysed by Grinder for 5 turns
  4104 | D:5      | Paralysed by Grinder for 4 turns
  4118 | D:5      | Killed Grinder
  4119 | D:5      | Reached skill level 5 in Unarmed Combat
  4326 | D:5      | Noticed Edmund
  4336 | D:5      | Reached skill level 1 in Ice Magic
  4350 | D:5      | Reached skill level 5 in Fighting
  4538 | D:5      | Got the Guidebook on the Salvo
  4546 | D:5      | Identified a scroll of acquirement
  4558 | D:5      | Acquired a +0 hat of intelligence
  4580 | D:5      | Noticed Sigmund
  4595 | D:5      | Mangled by an orc warrior

Illustrated notes

Levels and vault maps discovered:
D:1:      saegor_arrival_simple_a, layout_rooms
D:2:      layout_rooms, uniq_crazy_yiuf_cottage
D:3:      layout_loops_ring, mainiacjoe_overflow_swirl, minmay_misc_feat_plants,
          minivault_14, serial_bayou_lake_a
D:4:      layout_cave_pods, lemuel_tele_altar,
          nicolae_dithmenos_through_a_glass_darkly
D:5:      layout_cave_pools, nicolae_gozag_zags_fifth_avenue, uniq_edmund,
          uniq_grinder, uniq_sigmund

Skill      XL: |  1  2  3  4  5  6  7 |
---------------+----------------------+-----
Transmutations | 2 3 |  3.7
Unarmed Combat | 3 4 5 |  5.4
Fighting       | 2 3 4 5 |  5.0
Spellcasting   | 3 |  3.7
Poison Magic   | 1 |  1.9
Ice Magic      | 1 |  1.1
Dodging        | |  1.8

Action                   |  1- 3 |  4- 6 |  7- 9 || total
-------------------------+-------+-------+-------++-------
Melee: Unarmed           |   135 |   142 |    34 ||   311
       Headbutt          |    13 |     9 |       ||    22
       Kick              |    19 |    10 |       ||    29
       Punch             |     4 |     1 |     1 ||     6
 Cast: Beastly Appendage |    25 |    13 |       ||    38
       Spider Form       |       |     4 |     3 ||     7
       Ice Form          |       |       |     1 ||     1
  Use: Potion            |       |     7 |     1 ||     8
       Scroll            |       |     4 |     4 ||     8
Armor: Robe              |    48 |    23 |       ||    71
       Skin              |       |     8 |     3 ||    11
Dodge: Dodged            |    77 |    63 |    21 ||   161

Table legend: (Time is in decaauts)
 A = Elapsed time spent in this place.
 B = Non-inter-level travel time spent in this place.
 C = Inter-level travel time spent in this place.
 D = Time resting spent in this place.
 E = Time spent auto-exploring this place.
 F = Levels seen in this place.
 G = Mean time per level.
                   A        B        C        D        E       F      G
               +--------+--------+--------+--------+--------+-----+--------+
         Total |   4615 |   4493 |    122 |    953 |   2741 |   5 |  923.0 |
       Dungeon |   4615 |   4493 |    122 |    953 |   2741 |   5 |  923.0 |
               +--------+--------+--------+--------+--------+-----+--------+

Top non-repeatable levels by time:
     D:4: 1995 daAuts
     D:3: 821 daAuts
     D:1: 739 daAuts
     D:2: 670 daAuts
     D:5: 389 daAuts
